[Event "American Cup Open Champions 2024"]
[Site "Saint Louis"]
[Date "2024.03.13"]
[Round "1.3"]
[White "Shankland, Sam"]
[Black "So, Wesley"]
[Result "0-1"]
[ECO "D31"]
[WhiteElo "2674"]
[BlackElo "2757"]
[Annotator "TA"]
[PlyCount "68"]
[EventDate "2024.03.11"]
[EventType "k.o."]
[EventCountry "USA"]
[SourceTitle "playchess.com"]
[Source "ChessBase"]
[SourceQuality "1"]
[TimeControl "5400+30"]

1. d4 d5 2. c4 e6 3. Nc3 Be7 4. cxd5 exd5 5. Bf4 c6 6. e3 Bf5 7. h3 {[%emt 0:02:44] D31: Damengambit (Halbslawisch).} Qb6 $5 {[%emt 0:05:14][%mdl 4] Eine interessante Nebenvariante.} 8. Bd3 $146 ({Predecessor:} 8. Qd2 Nf6 9. Nge2 Nbd7 10. Ng3 Bg6 11. h4 h5 12. Be2 a5 13. a3 O-O 14. Rc1 Rfe8 {½-½ Indjic,A (2636)-Azarov,S (2559) EU-ch 23rd Vrnjacka Banja 2023 (7)}) 8... Bxd3 9. Qxd3 Nf6 10. Nge2 O-O 11. O-O-O a5 12. g4 Qa6 13. Ng3 Qxd3 14. Rxd3 g6 15. Re1 Na6 16. a3 Rad8 17. Kb1 Ne8 18. e4 (18. Bh6 $5) 18... dxe4 19. Ncxe4 Ng7 20. Bd2 a4 21. Nc3 Nc5 22. Rxe7 (22. Rf3 $11 {bleibt in der Remisbreite.} Nb3 (22... Rxd4 23. Rxe7 Rxd2 24. Nge4 $16) 23. Bh6) 22... Nxd3 $17 23. Nce4 f5 (23... Rxd4 24. Nf6+ Kh8 25. Bc3 $16) 24. Bh6 Rf7 25. Rxf7 Kxf7 26. Ng5+ Kg8 $1 (26... Kf6 27. Nxh7+ Kf7 28. Ng5+ Kf6 (28... Kg8 29. Bxg7 fxg4 30. hxg4 $15) 29. Nh7+ Kf7 30. Ng5+ Kf6 (30... Kg8 31. Bxg7 fxg4 32. Be5 $17) 31. Nh7+ $11) 27. Bxg7 fxg4 28. h4 Re8 (28... Kxg7 29. Ne6+ Kf6 30. Nxd8 $14) 29. Bf6 (29. Be5 $17 Nxe5 (29... Nxf2 30. Kc2 $15) 30. dxe5) 29... Rf8 30. N3e4 (30. N5e4 $142) 30... h6 $1 $19 (30... Nxf2 31. Nxf2 Rxf6 32. Nxg4 $15) 31. Kc2 $2 {[%emt 0:03:39] [#]} (31. Bg7 Kxg7 32. Ne6+ Kg8 33. Nxf8 Kxf8 34. Kc2 Ne1+ 35. Kc3) 31... Nxf2 $1 $19 (31... Nf4 32. Be7 Rf5 (32... hxg5 33. Bxf8 Kxf8 34. hxg5 $11) 33. Nf6+ Rxf6 34. Bxf6 $11) 32. Nxf2 {[%emt 0:00:25] [#]} g3 $1 ({Schlechter ist} 32... Rxf6 33. Nxg4 Rf4 34. Nxh6+ Kh8 35. Nhf7+ Kg8 36. Nh6+ Kh8 37. Kd3 $11) (32... hxg5 33. hxg5 (33. Nxg4 $2 {ist das falsche Schlagen.} gxh4 34. Bxh4 Rf4 $19) 33... g3 34. Nh3 $19) 33. Nfh3 Rxf6 34. Ne4 Rf1 0-1

[Event "American Cup Open Champions 2024"]
[Site "Saint Louis"]
[Date "2024.03.13"]
[Round "1.3"]
[White "Oparin, Grigoriy"]
[Black "Caruana, Fabiano"]
[Result "1/2-1/2"]
[ECO "D16"]
[WhiteElo "2671"]
[BlackElo "2804"]
[Annotator "TA"]
[PlyCount "74"]
[EventDate "2024.03.11"]
[EventType "k.o."]
[EventCountry "USA"]
[SourceTitle "playchess.com"]
[Source "ChessBase"]
[SourceQuality "1"]
[TimeControl "5400+30"]

1. c4 c6 2. Nf3 d5 3. d4 Nf6 4. Nc3 dxc4 5. a4 e6 6. e3 c5 7. Bxc4 Nc6 8. O-O cxd4 9. exd4 Be7 10. Qe2 O-O 11. Rd1 Nb4 12. a5 Bd7 13. Ne5 Rc8 14. Bg5 Nfd5 15. h4 (15. Nxd5 {simplifies} exd5 16. Bxe7 Qxe7 17. Nxd7 Qxd7 18. Bb3) 15... Bc6 16. Nxc6 Nxc6 17. Bxd5 exd5 18. Bxe7 Nxe7 19. a6 Rb8 20. g3 h6 21. Qe5 bxa6 22. Rxa6 Rxb2 23. Rd6 Qc7 {[%emt 0:03:21] [#] aiming for ...Nc8.} 24. Nxd5 Nxd5 25. Rxd5 Qc2 26. Rf1 Rb1 27. Rc5 Rxf1+ 28. Kxf1 $11 {[%emt 0:00:03][%mdl 4096] Endgame. KQR-KQR} Qb1+ 29. Kg2 Qb7+ 30. d5 Rd8 31. Rc7 Qxd5+ {[%emt 0:00:06] The position is equal.} 32. Qxd5 Rxd5 33. Rxa7 {[%emt 0:00:04] KR-KR} h5 34. Kf3 Rd8 35. Kg2 Rd5 36. Kf3 Rd8 37. Kg2 Rd5 {[%emt 0:00:12] Weighted Error Value: White=0.03 (flawless) /Black=0.02 (flawless) .  Inaccurate:     	White=1     	Black=1      OK:         	White=15    	Black=13     Best:        	---       	Black=1} 1/2-1/2

[Event "American Cup Open Champions 2024"]
[Site "Saint Louis"]
[Date "2024.03.12"]
[Round "1.4"]
[White "Dominguez Perez, Leinier"]
[Black "Robson, Ray"]
[Result "1/2-1/2"]
[ECO "B90"]
[WhiteElo "2749"]
[BlackElo "2696"]
[Annotator "TA"]
[PlyCount "242"]
[EventDate "2024.03.11"]
[EventType "k.o."]
[EventCountry "USA"]
[SourceTitle "playchess.com"]
[Source "ChessBase"]
[SourceQuality "1"]
[TimeControl "900+10"]

1. e4 c5 2. Nf3 d6 3. d4 cxd4 4. Nxd4 Nf6 5. Nc3 a6 6. f3 e5 7. Nb3 Be6 8. Be3 Be7 9. Qd2 h5 10. Nd5 Nxd5 11. exd5 Bf5 12. Be2 Bh4+ 13. g3 Be7 {[%emt 0:00:01] Weiß hat minimalen Vorteil.} 14. O-O-O Nd7 15. Kb1 Rc8 16. Rc1 b5 17. Rhd1 Qc7 18. Bd3 Bxd3 19. cxd3 Qd8 20. Rxc8 Qxc8 21. Rc1 Qa8 22. Na5 $1 Qxd5 23. Rc8+ Bd8 24. Nc6 {[%emt 0:00:01][%csl Gc6][%cal Rc8d8] [#]} O-O $1 25. Nxd8 Qxf3 26. a3 Kh7 27. Qc1 h4 {[%emt 0:01:13] [#]} 28. gxh4 ({Günstiger ist} 28. Qc6 $1 $16 Qxe3 (28... Qxc6 $2 29. Rxc6 d5 30. Nb7 $18) 29. Qxd7 Qxd3+ 30. Rc2) 28... Nc5 $1 $11 29. Bxc5 Qxd3+ (29... dxc5 $11 30. Rb8 (30. Qxc5 Qxd3+ 31. Qc2 e4 $11) 30... e4 31. dxe4 Qd3+ 32. Ka2 Rxd8 33. Rxd8 Qxd8 34. Qxc5 Qxh4 35. Qf5+ Kh6) 30. Qc2 $16 Qxc2+ 31. Kxc2 dxc5 {[%emt 0:00:03][%mdl 4096] Endspiel. KRN-KR} 32. Rb8 Re8 $1 33. Nc6 Re6 34. Rc8 e4 35. Kd1 e3 36. Ke2 f5 37. Nb8 f4 {[%emt 0:00:19][%cal Of4f3] Droht stark ...f3+!} 38. Rf8 $1 (38. Rxc5 $2 f3+ 39. Kxf3 e2 $19) 38... Rb6 39. Nd7 Rd6 40. Nxc5 {[%emt 0:00:02][%cal Oc5d3] Und jetzt Nd3! wäre schön.} Rd2+ 41. Ke1 {[%emt 0:01:38] b4 wäre nun fies.} Rxb2 42. Rxf4 ({Bitte nicht} 42. Nxa6 Rb1+ 43. Ke2 Rb2+ 44. Kf1 Rb1+ (44... Rxh2 45. Rxf4 Rc2 46. Rd4 $18) (44... Rf2+ 45. Ke1 $11) 45. Ke2 Rb2+ 46. Kf1 Rb1+ (46... Rxh2 47. Rxf4 Rc2 48. Re4 $16) (46... Rf2+ 47. Ke1 $11) 47. Ke2 $11) 42... Rxh2 43. Nxa6 {[%emt 0:00:24] Zielt auf Nc7 ab.} Ra2 44. Nc7 Rxa3 45. Nxb5 Ra1+ 46. Ke2 g5 47. hxg5 {[%emt 0:00:13][%cal Ob5c7] Droht Nc7! und aus.} Kg6 48. Rg4 {[%emt 0:00:19][%cal Ob5d4] Nd4! ist eine echte Drohung.} (48. Kxe3 {vereinfacht} Kxg5 49. Rb4 Rf1 50. Nd4) 48... Ra5 49. Rb4 Kxg5 50. Kxe3 Ra1 51. Nd4 Re1+ 52. Kf2 Ra1 53. Nc2 Ra2 54. Rc4 Kf5 55. Ke3 Ke5 56. Nb4 Ra3+ 57. Nd3+ Kd5 58. Rc5+ Kd6 59. Rb5 Ra4 60. Nb4 Ra1 61. Kd4 Rd1+ 62. Nd3 Ke6 63. Ke4 Kf6 64. Ra5 Rb1 65. Ra6+ Kg5 66. Rd6 Ra1 67. Rc6 Ra4+ 68. Ke5 Kg4 69. Rc3 Ra8 70. Nf2+ Kg5 71. Rg3+ Kh4 72. Rg2 Rf8 73. Ne4 (73. Ke4 $14) 73... Re8+ {[%emt 0:00:04] Die Stellung ist ausgeglichen.} 74. Kf5 Rf8+ 75. Nf6 Kh3 76. Rg6 Ra8 77. Kf4 Ra4+ 78. Ne4 Kh2 79. Rc6 Rb4 80. Kf3 Rb2 81. Rc3 Kg1 82. Rd3 Ra2 83. Rb3 Rc2 84. Rb5 Ra2 85. Rb3 Rc2 86. Rb1+ Kh2 87. Rd1 Ra2 88. Nf2 Ra3+ 89. Nd3 Rc3 90. Rd2+ Kh3 91. Rd1 Kh4 92. Kf4 Rc4+ 93. Kf5 Kg3 94. Rg1+ Kf3 95. Ne5+ Kf2 96. Ra1 Rh4 97. Ra2+ Ke3 98. Ra3+ Ke2 99. Nd3 Rc4 100. Ke5 {[%emt 0:00:02] Es drohte Rd4} Kd2 101. Nf2 Rc8 102. Ne4+ Ke2 103. Nd6 {[%emt 0:00:12] Wehrt Re8+ ab} Rd8 104. Nc4 Re8+ 105. Kd4 Rd8+ 106. Ke4 Re8+ 107. Ne5 Kd2 108. Rh3 Kc2 109. Rh7 Kc3 110. Rc7+ Kd2 111. Rc5 Re7 112. Kd4 Re8 113. Ra5 Rd8+ 114. Ke4 Re8 115. Ra7 Kc3 116. Kd5 Rd8+ 117. Nd7 Kd3 118. Ke5 ({Schwächer ist} 118. Ra3+ Kc2 $18) 118... Re8+ 119. Kd5 Rd8 120. Ke5 ({Weniger gut wäre} 120. Ra3+ Kd2 $18) 120... Re8+ 121. Kd5 Rd8 {[%emt 0:00:05] Gewichteter Fehlerwert: Weiß=0.05 (makellos) /Schwarz=0.05 (makellos) .  Fehler:       	Weiß=2     	Schwarz=2     Ungenau:       	Weiß=3     	Schwarz=2     OK:         	Weiß=41    	Schwarz=40    Bester:       	Weiß=3     	Schwarz=5     Stark:        	Weiß=2     	Schwarz=3} 1/2-1/2

[Event "American Cup Open Champions 2024"]
[Site "Saint Louis"]
[Date "2024.03.12"]
[Round "1.4"]
[White "Aronian, Levon"]
[Black "Sevian, Samuel"]
[Result "1/2-1/2"]
[ECO "E04"]
[WhiteElo "2722"]
[BlackElo "2697"]
[Annotator "TA"]
[PlyCount "76"]
[EventDate "2024.03.11"]
[EventType "k.o."]
[EventCountry "USA"]
[SourceTitle "playchess.com"]
[Source "ChessBase"]
[SourceQuality "1"]
[TimeControl "900+10"]

1. Nf3 Nf6 2. g3 d5 3. Bg2 c5 4. O-O Nc6 5. d4 e6 6. c4 dxc4 7. dxc5 Qxd1 8. Rxd1 Bxc5 9. Nbd2 c3 10. bxc3 O-O 11. Ne1 Rd8 12. Nd3 Be7 13. Rb1 Nd5 14. Bb2 Nb6 15. c4 Bd7 16. Rdc1 Be8 17. Ba1 Rab8 $1 18. c5 Nd5 19. Nc4 f6 20. Rb3 Bg6 21. Nd6 Bxd6 22. cxd6 Rxd6 23. Nc5 Nb6 {[%emt 0:00:34] The position is equal.} 24. Nxb7 Rxb7 25. Bxc6 {[%emt 0:00:01] This pair of bishops is nice.} Rc7 26. Rbc3 Rd2 27. a4 {[%emt 0:00:04][%cal Ba2a4,Ba4a5][%mdl 32] Threatens to win with a5.} Rxe2 28. a5 Nd5 29. Bxd5 Rxc3 30. Bxe6+ Rxe6 31. Bxc3 $11 {[%emt 0:00:01][%mdl 4096] Endgame. KRB-KRB} Rc6 32. Bd2 Rxc1+ 33. Bxc1 {[%emt 0:00:01] KB-KB} a6 34. Bd2 Bd3 35. Bc1 Bb5 36. Bd2 Bd3 37. Bc1 Bb5 38. Bd2 Bd3 {[%emt 0:00:01] A rather calm draw.   Weighted Error Value: White=0.02 (flawless) /Black=0.03 (flawless) .  Inaccurate:     	White=1     	---        OK:         	White=16    	Black=14     Strong:       	---       	Black=1} 1/2-1/2

[Event "American Cup Open Champions 2024"]
[Site "Saint Louis"]
[Date "2024.03.13"]
[Round "1.5"]
[White "Aronian, Levon"]
[Black "Sevian, Samuel"]
[Result "1-0"]
[ECO "C13"]
[WhiteElo "2722"]
[BlackElo "2697"]
[Annotator "TA"]
[PlyCount "73"]
[EventDate "2024.03.11"]
[EventType "k.o."]
[EventCountry "USA"]
[SourceTitle "playchess.com"]
[Source "ChessBase"]
[SourceQuality "1"]
[TimeControl "900+10"]

1. e4 e6 2. d4 d5 3. Nc3 Nf6 4. Bg5 dxe4 5. Nxe4 Be7 6. Bxf6 gxf6 7. Nc3 a6 8. a4 Nc6 9. Nge2 {[%emt 0:00:22] Schwarz hat minimalen Vorteil.} e5 10. d5 Nb4 11. Ng3 f5 12. Bc4 Qd6 {[%emt 0:00:11] Droht ...f4 und aus.} (12... h5 $5) 13. Bb3 h5 14. Qe2 h4 15. Nf1 Bd7 16. Nd2 e4 17. f3 exf3 18. Nxf3 O-O-O {[%emt 0:00:15] Weiss muss nun ...Rde8 beachten.} 19. O-O-O Bf6 {[%emt 0:00:10] Pariert Ne5.} 20. Qf2 Kb8 21. Nd4 Rhg8 $132 {[%emt 0:00:17][%cal Bh8g8,Bg8g4,Bg4f4][%mdl 2080] Schwarz hält sich nicht zurück} 22. Nxf5 Qe5 23. Rdf1 Bh8 $2 {[%emt 0:00:18] [#]} (23... Bxf5 $11 {und Schwarz steht sicher.} 24. Qxf5 Qe3+ 25. Kb1 Bxc3) 24. Nxh4 {[%emt 0:00:29] Ein dynamisches Springerpaar.} (24. Nh6 $1 $18 ) 24... Rg4 25. Nf3 {[%emt 0:00:18] Verhindert Qg5+} Qd6 (25... Qg7 $14) 26. Qd2 (26. Rd1 $16) 26... Be8 $2 (26... Bf5 $11) 27. h3 $16 Rf4 28. Ne2 (28. Re1 $142) 28... Re4 {[%emt 0:00:11][%cal Oe8a4] [#]} 29. Nc3 (29. Ng5 $1 $16 Re7 30. Rf5) 29... Rf4 $18 30. Kb1 (30. Re1 $18) 30... Qc5 $2 31. Qxf4 {[%emt 0:00:11] Weiß steht klar auf Gewinn.} Bxc3 32. bxc3 Nxd5 33. Bxd5 Rxd5 34. Qb4 Qc6 35. Rd1 Rh5 36. Rhe1 {[%emt 0:00:09] Droht Matt per Rd8+.} Ka7 37. Re5 {[%emt 0:00:11] Gewichteter Fehlerwert: Weiß=0.32/Schwarz=0.32.  Verlustzug:     	---       	Schwarz=2     Fehler:       	Weiß=5     	Schwarz=2     Ungenau:       	Weiß=1     	Schwarz=1     OK:         	Weiß=5     	Schwarz=12    Bester:       	Weiß=3     	Schwarz=1} 1-0

[Event "American Cup Open Champions 2024"]
[Site "Saint Louis"]
[Date "2024.03.13"]
[Round "1.6"]
[White "Sevian, Samuel"]
[Black "Aronian, Levon"]
[Result "1/2-1/2"]
[ECO "C43"]
[WhiteElo "2697"]
[BlackElo "2722"]
[Annotator "TA"]
[PlyCount "59"]
[EventDate "2024.03.11"]
[EventType "k.o."]
[EventCountry "USA"]
[SourceTitle "playchess.com"]
[Source "ChessBase"]
[SourceQuality "1"]
[TimeControl "900+10"]

1. e4 e5 2. Nf3 Nf6 3. d4 Nxe4 4. dxe5 d5 5. Nbd2 Qd7 6. Bd3 Nc5 7. Be2 Nc6 8. O-O Be7 9. Re1 O-O 10. Nb3 b6 11. Bb5 {[%emt 0:00:27] [#] Strongly threatening Nbd4.} Ne6 12. Nbd4 {[%emt 0:00:22] White is more active.} Bb7 13. Nf5 (13. c3 $16 {Qa4 is the strong threat.} Nexd4 14. cxd4 (14. Nxd4 a6 $16)) 13... a6 $14 14. Bf1 Rad8 15. a3 Rfe8 16. b4 Bf8 17. Bb2 (17. Bd3 $14) 17... Ne7 18. Ng3 (18. N5d4 $11 {feels stronger.}) 18... c5 $15 19. h4 d4 20. Bd3 (20. bxc5 $11 bxc5 21. h5) 20... Qc7 21. bxc5 bxc5 22. Nh5 (22. Bf1 $17 {was necessary.}) 22... c4 $19 23. Be4 {[%emt 0:00:08] [#]} Ng6 (23... Bxe4 $1 $19 24. Rxe4 Qb7) 24. Bf5 $2 (24. Ng3 $17) 24... Bxf3 25. Qxf3 Nxh4 (25... c3 $19 {has better winning chances.} 26. Bc1 d3 (26... Nxh4 27. Qg4 $17) (26... Nxe5 $2 27. Qg3 $17) 27. Bxd3 Nxe5 (27... Nxh4 28. Qg3 $14) 28. Rxe5 Qxe5) 26. Qg4 $17 Ng6 {[%emt 0:00:09] Excellent horsemanship.} 27. Rad1 d3 (27... Nxe5 $2 {is the wrong capture.} 28. Nf6+ Kh8 29. Qh5 $18 (29. Nxe8 Rxe8 30. Qh4 h6 $18)) (27... Qa5 $142 28. Kh1 (28. Bxe6 Rxe6 29. Bxd4 Rd5 $17) 28... d3 (28... Bxa3 29. Ra1 $15) (28... Nxe5 $2 29. Nf6+ Kh8 30. Qh5 $18) 29. Qxc4 Qb6 (29... Bxa3 30. Bxa3 Qxa3 31. Bxd3 $11)) 28. cxd3 c3 ({Black should try} 28... Qb6 $17 29. Ba1 cxd3 30. Bxd3 Bxa3) 29. Rc1 $11 c2 ({Black should play} 29... Nc5 $11 30. Bxc3 (30. Rxc3 Rxe5 31. Rd1 Qb6 $17) 30... Nb3 (30... Nxd3 31. Bxd3 Rxd3 32. Bb4 $17)) 30. d4 {[%emt 0:00:08] Weighted Error Value: White=0.37/Black=0.36.  Loses game:     	White=1     	---        Mistake:       	White=6     	Black=5      Inaccurate:     	---       	Black=3      OK:         	White=4     	Black=6      Best:        	White=4     	Black=1} (30. Qa4 $1 $14) 1/2-1/2

[Event "American Cup Open Champions 2024"]
[Site "Saint Louis"]
[Date "2024.03.14"]
[Round "2.1"]
[White "Caruana, Fabiano"]
[Black "Aronian, Levon"]
[Result "1/2-1/2"]
[ECO "D86"]
[WhiteElo "2804"]
[BlackElo "2722"]
[Annotator "TA"]
[PlyCount "107"]
[EventDate "2024.03.11"]
[EventType "k.o."]
[EventCountry "USA"]
[SourceTitle "playchess.com"]
[Source "ChessBase"]
[SourceQuality "1"]
[TimeControl "5400+30"]

1. d4 Nf6 2. c4 g6 3. Nc3 d5 4. cxd5 Nxd5 5. e4 Nxc3 6. bxc3 Bg7 7. Bc4 O-O 8. Ne2 Nc6 9. O-O Na5 {[%emt 0:00:04] D86: Exchange Grünfeld: Classical Line (7 Bc4).} 10. Bd3 e5 11. Rb1 b6 12. Be3 Be6 $146 ({Predecessor:} 12... f5 13. dxe5 Bxe5 14. Rb5 Qe8 15. Bd4 Bxd4 16. cxd4 fxe4 17. Re5 Qf7 18. Bxe4 Bb7 19. Bxb7 Nxb7 {0-1 Hirn,O (2169)-Prusikin,M (2556) Nuremberg-ch op 05th 2005 (4)}) 13. d5 Bd7 14. c4 Nb7 15. Qd2 Qe7 16. Bc2 c5 17. dxc6 Bxc6 18. Nc3 f5 19. f3 f4 20. Bf2 Rfc8 21. Qe2 (21. Nd5 $14 {might be stronger.} Qf8 22. Bb3) 21... Bf8 $11 22. Nd5 Qg7 23. g3 Bd6 24. Rbd1 Rf8 25. gxf4 exf4 26. Kh1 Rac8 27. Rg1 (27. Bb3 $5 Kh8 28. Rg1 $11) 27... Bc5 28. Rg5 Bxf2 29. Qxf2 Bxd5 30. Rgxd5 Nc5 31. Qd4 Qxd4 32. R1xd4 Kf7 33. Kg2 Ke7 34. h4 Rfd8 35. Rd1 Ne6 36. Bb3 Nc7 37. e5 (37. Rxd8 {simplifies} Rxd8 38. Rxd8 Kxd8 39. h5) 37... Ne6 38. Kf2 Rc7 39. h5 gxh5 40. Rxd8 Nxd8 41. Rh1 Rc5 42. Rxh5 Nc6 43. Rxh7+ Ke6 44. Ba4 Nxe5 45. Bb5 Nxc4 46. Bxc4+ Rxc4 47. Rxa7 Rc2+ 48. Ke1 b5 49. Rb7 Rxa2 50. Rxb5 Ra1+ 51. Kf2 Ra2+ 52. Ke1 Ra1+ 53. Kf2 Ra2+ 54. Ke1 1/2-1/2

[Event "American Cup Open Champions 2024"]
[Site "Saint Louis"]
[Date "2024.03.14"]
[Round "2.1"]
[White "So, Wesley"]
[Black "Robson, Ray"]
[Result "1/2-1/2"]
[ECO "B90"]
[WhiteElo "2757"]
[BlackElo "2696"]
[Annotator "TA"]
[PlyCount "56"]
[EventDate "2024.03.11"]
[EventType "k.o."]
[EventCountry "USA"]
[SourceTitle "playchess.com"]
[Source "ChessBase"]
[SourceQuality "1"]
[TimeControl "5400+30"]

1. e4 c5 2. Nf3 d6 3. d4 cxd4 4. Nxd4 Nf6 5. Nc3 a6 6. Be3 Ng4 7. Bg5 h6 8. Bh4 g5 9. Bg3 Bg7 10. Qd2 Nc6 11. Nb3 b5 12. h4 gxh4 13. Rxh4 Nge5 14. O-O-O Be6 15. Bxe5 Nxe5 16. Kb1 Rc8 17. Nd4 $1 Qa5 18. Nd5 Qxd2 19. Rxd2 Nc4 20. Rd1 (20. Rd3 {simplifies} Bxd5 21. exd5 Rc5 22. Nb3) 20... Rc5 21. Bxc4 Rxc4 22. Nxe6 fxe6 23. Ne3 Rb4 24. b3 Bf6 25. Rf4 {[%emt 0:02:17][%cal Of4f6] Threatens to win with Rxf6!} Be5 26. Rh4 Bf6 27. Rf4 {[%emt 0:00:02][%cal Of4f6] [#] Black must now prevent Rxf6!} Be5 28. Rh4 Bf6 {[%emt 0:04:11] Weighted Error Value: White=0.10 (very precise) /Black=0.08 (flawless) .  Inaccurate:     	White=1     	Black=1      OK:         	White=7     	Black=5      Strong:       	White=1     	---} 1/2-1/2

[Event "American Cup Open Champions 2024"]
[Site "Saint Louis"]
[Date "2024.03.14"]
[Round "2.2"]
[White "Aronian, Levon"]
[Black "Caruana, Fabiano"]
[Result "1/2-1/2"]
[ECO "C68"]
[WhiteElo "2722"]
[BlackElo "2804"]
[Annotator "TA"]
[PlyCount "149"]
[EventDate "2024.03.11"]
[EventType "k.o."]
[EventCountry "USA"]
[SourceTitle "playchess.com"]
[Source "ChessBase"]
[SourceQuality "1"]
[TimeControl "5400+30"]

1. e4 e5 2. Nf3 Nc6 3. Bb5 a6 4. Bxc6 dxc6 5. Nc3 f6 6. d4 exd4 7. Qxd4 Qxd4 8. Nxd4 Bd7 9. f3 {[%emt 0:00:22] C68: Spanische Partie (Abtauschvariante).} O-O-O 10. h4 h5 11. Be3 Ne7 12. Kf2 Ng6 13. Rad1 Bd6 $146 ({Predecessor:} 13... Ne5 14. b3 Bd6 15. Nf5 Bxf5 16. exf5 Nf7 17. Ne4 Be5 18. Rxd8+ Rxd8 19. g4 Rh8 {0-1 Chernov,V (2274)-Koellner,R (2410) Baden Baden op 2023 (6)}) 14. Nb3 Ne5 15. Bc5 Nc4 16. Bxd6 cxd6 17. Nd2 Ne5 18. Nf1 Kc7 19. Ne3 Be6 20. Ne2 Bf7 21. Rd2 Nc4 22. Nxc4 Bxc4 23. Nd4 Bf7 24. Nf5 g6 25. Ne3 b5 26. a3 Rhe8 27. Rc1 Re5 28. b4 Rb8 29. Rcd1 Rd8 30. Rd4 Ree8 31. g4 hxg4 32. Nxg4 Re6 33. f4 Rde8 (33... f5 $11 34. Nh6 Rf8 35. exf5 gxf5 36. Nxf7 Rxf7) 34. e5 $14 fxe5 35. fxe5 d5 36. Rf4 R8e7 (36... R6e7 $1 $14) 37. Re1 (37. Kg3 $16) 37... c5 {[%emt 0:00:29] [#]} (37... g5 $1 $14 38. hxg5 Rg6) 38. c3 ({Keinesfalls} 38. bxc5 Rc6 $11) (38. Nh6 $1 $16 Be8 39. Ng8 (39. bxc5 Rxe5 40. Rxe5 Rxe5 $11) (39. Ng4 a5 $11)) 38... Rc6 $11 39. Re3 Kb6 (39... Be6 $11 {hält das Gleichgewicht.}) 40. Nf6 ({Vorzuziehen ist} 40. Rf6 $16) 40... Be6 41. Rg3 cxb4 42. axb4 a5 $1 43. bxa5+ (43. Rxg6 $14 a4 44. Rf3) 43... Kxa5 $11 44. Rd4 Bf7 45. Re3 Rc4 46. Nxd5 Bxd5 47. Rxd5 Rxh4 48. e6 Kb6 49. Rd7 Rhh7 50. Red3 Kc6 51. R3d6+ Kc5 52. Rd4 Kc6 53. R7d6+ Kc5 54. R4d5+ Kc4 55. Re5 Rh5 56. Rc6+ Kd3 57. Re3+ Kc2 58. Kg3 Kd2 59. Re4 Kc2 60. Rg4 Re5 61. Rxg6 Re3+ 62. Kf4 Rxc3 63. Rb6 Rc5 64. Ke4 Kc3 65. Rg3+ Kb4 66. Rd6 Rh7 67. Rd4+ Rc4 68. Rxc4+ bxc4 69. Kd4 c3 70. Rxc3 Rh4+ 71. Kd5 Kxc3 72. e7 Rh8 73. Ke6 Re8 74. Kd7 Rxe7+ 75. Kxe7 1/2-1/2

[Event "American Cup Open Champions 2024"]
[Site "Saint Louis"]
[Date "2024.03.14"]
[Round "2.2"]
[White "Robson, Ray"]
[Black "So, Wesley"]
[Result "1-0"]
[ECO "D31"]
[WhiteElo "2696"]
[BlackElo "2757"]
[Annotator "TA"]
[PlyCount "115"]
[EventDate "2024.03.11"]
[EventType "k.o."]
[EventCountry "USA"]
[SourceTitle "playchess.com"]
[Source "ChessBase"]
[SourceQuality "1"]
[TimeControl "5400+30"]

1. d4 d5 2. c4 e6 3. Nc3 Be7 4. cxd5 exd5 5. Bf4 c6 6. e3 Bf5 7. Nge2 Nd7 8. h4 {[%emt 0:00:31] D31: Queen's Gambit Declined: Semi-Slav without ...Nf6 (+ Marshall Gambit and Noteboom) and Exchange Variation lines without ...Nf6.} Ngf6 9. Ng3 Be6 10. Bd3 Nb6 11. Qc2 Bd6 12. Nce2 $146 ({Predecessor:} 12. O-O-O Bxf4 13. exf4 Qd6 14. f5 Bd7 15. Rde1+ Kd8 16. Nge2 a6 {1-0 Moroni,L (2564)-Mazur,S (2441) EU-ch 20th Skopje 2019 (4)}) 12... Bxf4 13. Nxf4 Qe7 14. a4 a5 15. Ngh5 Nxh5 16. Nxh5 g6 17. Nf4 Bg4 18. Kf1 Kf8 19. Re1 Re8 20. f3 Bd7 21. Qb3 Qd8 22. Qc3 Nc8 23. b4 Nd6 24. bxa5 Bf5 25. Bxf5 Nxf5 26. Kf2 Kg7 27. e4 dxe4 28. d5+ Qf6 29. Qxf6+ Kxf6 30. Rxe4 Rxe4 31. fxe4 Nd6 (31... Ke5 $16 {was called for.}) 32. dxc6 $18 bxc6 33. Rc1 $1 Rc8 (33... Nxe4+ {keeps fighting.} 34. Ke3 Re8 35. Rxc6+ Kf5) 34. Ke3 Ke7 {[%emt 0:00:26] [#]} (34... Re8 $142 35. Rxc6 Rxe4+ 36. Kf3 Rd4) 35. Nd3 $1 $18 f5 (35... f6 $142 36. a6 f5) 36. e5 $18 Ne4 37. Nc5 (37. a6 $142) 37... Nxc5 $18 38. Rxc5 Ra8 39. Kf4 (39. Rxc6 Rxa5 40. h5 Rxe5+ 41. Kf3 Ra5 $11) 39... Ra7 $2 (39... Kd7 40. Kg5 Ke6) 40. Kg5 $18 (40. Rxc6 Rxa5 41. Rc4 Ke6 $14) 40... Ke6 41. Kh6 (41. Rxc6+ Kxe5 42. a6 f4 $16) 41... Rf7 42. a6 (42. Rxc6+ Kxe5 43. Kg5 Kd4 $18) 42... Ra7 43. Ra5 (43. Rxc6+ Kxe5 44. Kg5 Re7 $18) 43... Kd7 44. Kg5 (44. Kxh7 Kc7 45. Kxg6 Kb6 $11) 44... Ke6 (44... Ke7 $142 45. h5 Kf7) 45. g3 $18 Ke7 46. h5 Kf7 47. Kh6 gxh5 $2 (47... Ke6 48. hxg6 hxg6 49. Kxg6 c5) 48. Kxh5 $18 Ke6 49. Kh6 Kd7 $2 (49... c5 50. Rxc5 Rxa6) 50. Kg5 $1 $18 (50. Kxh7 $2 {is the wrong capture.} Kc7 51. Kg6 Kb6 $19) 50... Ke6 {[%emt 0:00:20] [#]} 51. Kf4 $1 h6 52. Ke3 Kd7 53. Kd4 h5 54. Kc5 Kc7 55. e6 f4 56. gxf4 h4 57. e7 ({Inferior is} 57. f5 h3 58. e7 Ra8 $11) 57... Ra8 58. a7 1-0